 Dungeon Crawl Stone Soup version 0.30-a0-672-gc3a7216ad8 (webtiles) character file.

Game seed: 1900447269595623730

3140 Dittersdorf the Fighter (level 9, -5/59 HPs)
             Began as a Gargoyle Fighter on Jan 18, 2023.
             Was a Priest of Okawaru.
             Slain by a two-headed ogre
             ... wielding a +0 giant club
              (16 damage)
             ... on level 7 of the Dungeon.
             The game lasted 00:09:17 (6268 turns).

Dittersdorf the Fighter (Gargoyle Fighter)          Turns: 6268, Time: 00:09:17

Health: -5/59      AC: 18    Str: 24    XL:     9   Next: 92%
Magic:  8/9        EV:  5    Int:  9    God:    Okawaru [***...]
Gold:   350        SH: 15    Dex: 15    Spells: 8/8 levels left

rFire   . . .      SeeInvis .    E - +4 flail (heavy)
rCold   . . .      Faith    .    n - +0 tower shield
rNeg    + . .      Spirit   .    t - +0 chain mail
rPois   ∞          Reflect  .    (no helmet)
rElec   +          Harm     .    (no cloak)
rCorr   .          Rampage  .    b - +0 pair of gloves
Will    .....                    (no boots) Stlth
                                 A - amulet of regeneration
HPRegen 1.09/turn                j - ring of flight
MPRegen 0.11/turn                l - +6 ring of dexterity

@: flying
A: sickness immunity, AC +6, negative energy resistance 1, electricity
resistance, torment resistance 1, petrification resistance
a: Renounce Religion, Heroism


You were on level 7 of the Dungeon.
You worshipped Okawaru.
Okawaru was most pleased with you.
You visited 2 branches of the dungeon, and saw 8 of its levels.

You collected 350 gold pieces.

Inventory:

Hand Weapons
 E - a +4 heavy flail (weapon)
Missiles
 h - 5 curare-tipped darts (quivered)
Armour
 b - a +0 pair of gloves (worn)
 n - a +0 tower shield (worn)
 p - a +0 plate armour
 t - a +0 chain mail (worn)
Jewellery
 c - a ring of resist corrosion
 j - a ring of flight (left hand)
 l - a +6 ring of dexterity (right hand)
 A - an amulet of regeneration (around neck)
 J - a ring of magical power
Wands
 D - a wand of flame (3)
 G - a wand of roots (12)
Scrolls
 g - 3 scrolls of poison {unknown}
 i - a scroll of blinking {unknown}
 k - 5 scrolls of teleportation {unknown}
 m - 2 scrolls of torment {unknown}
 o - a scroll of fear {unknown}
 q - 2 scrolls of noise {unknown}
 v - a scroll of immolation {unknown}
 x - a scroll of silence {unknown}
 y - a scroll of enchant armour {unknown}
 B - a scroll of fog {unknown}
 F - 2 scrolls of vulnerability {unknown}
 I - a scroll of magic mapping {unknown}
Potions
 a - 3 potions of curing
 d - a potion of might
 e - 4 potions of mutation
 f - a potion of ambrosia {unknown}
 r - a potion of degeneration {unknown}
 s - a potion of flight {unknown}
 u - a potion of attraction {unknown}
 w - 2 potions of magic
 z - a potion of heal wounds
 C - 2 potions of berserk rage {unknown}
 H - a potion of resistance {unknown}


   Skills:
 + Level 8.1 Fighting
 + Level 7.0 Maces & Flails
 + Level 8.1 Armour
 + Level 8.1 Shields


You had 8 spell levels left.
You didn't know any spells.
Your spell library contained the following spells:

 Spells                   Type           Power      Damage    Failure   Level
 Beastly Appendage        Tmut           0%         N/A       100%        1
 Wereblood                Tmut           0%         N/A       100%        2
 Spider Form              Tmut/Pois      0%         N/A       100%        3


Dungeon Overview and Level Annotations

Branches:
Dungeon (7/15)             Temple (1/1) D:4

Altars:
Ashenzari
Cheibriados
Dithmenos
Fedhas
Gozag
Hepliaklqana
Kikubaaqudgha
Makhleb
Nemelex Xobeh
Okawaru
Ru
Sif Muna
Uskayaw
Vehumet
Wu Jian
Xom
Yredelemnul
Zin
The Shining One

Shops:
D:2 =


Innate Abilities, Weirdness & Mutations

You are immune to sickness and miasma.
Your stone body is resilient. (AC +6)
You are immune to poison.
You resist negative energy. (rN+)
You are resistant to electric shocks. (rElec)
You are resistant to unholy torment.
You are immune to petrification.


Message History

You shout for attention!
You hear two shouts!
What are your orders? t - Shout!
Orders for allies: a - Attack new target. r - Retreat! s - Stop attacking. g - Guard the area. f - Follow me.
Anything else - Cancel.
You shout for attention!
You start waiting.
A two-headed ogre comes into view. It is wielding two +0 giant clubs.
You gain the combat prowess of a mighty hero.
You can no longer speed up your combat.
The two-headed ogre hits you with a +0 giant club!
The two-headed ogre hits you with a +0 giant club!!
You barely miss the two-headed ogre.
The two-headed ogre completely misses you.
The two-headed ogre barely misses you.
You barely miss the two-headed ogre. You barely miss the two-headed ogre.
The two-headed ogre hits you with a +0 giant club.
You block the two-headed ogre's attack.
You barely miss the two-headed ogre.
You block the two-headed ogre's attack. x2
You hit the two-headed ogre but do no damage.
You block the two-headed ogre's attack.
The two-headed ogre hits you with a +0 giant club.
You hit the two-headed ogre.
The two-headed ogre is lightly wounded.
The two-headed ogre hits you with a +0 giant club!
You block the two-headed ogre's attack.
You bludgeon the two-headed ogre!!
The two-headed ogre is moderately wounded.
You feel like a meek peon again.
The two-headed ogre hits you with a +0 giant club!
* * * LOW HITPOINT WARNING * * *
The two-headed ogre hits you with a +0 giant club.
* * * LOW HITPOINT WARNING * * *
You completely miss the two-headed ogre.
The two-headed ogre is moderately wounded.
The two-headed ogre hits you with a +0 giant club!
You die...

####...##.#.#
.##..#.#..#.#.. .
.# #........... ..
.# ###.....##.. .##
.## ##.##..... ..#
.>#########....
#.##.........##.##.
#O.....# #........
#@.# ##.......
#.#.# #.........
#.#.## ###>......
##...## ###........
#....###....#.#..#
##.......#.##.#..#
#........# #.##..
#..####..#####....
...#.# ##..##......


You could see a two-headed ogre.

Vanquished Creatures
  A troll (D:5)
  A slime creature (D:7)
  A wraith (D:7)
  A wyvern (D:7)
  Menkaure (D:5)
  Edmund (D:5)
  A water moccasin (D:7)
  Duvessa (D:5)
  2 ice beasts
  3 black bears
  5 ogres
  6 phantoms
  A bullfrog (D:6)
  2 scorpions (D:5)
  A necrophage (D:7)
  Dowan (D:5)
  A jelly (D:7)
  2 hounds
  An orc priest (D:6)
  3 iguanas
  An orc wizard (D:5)
  4 adders
  2 white imps (D:7)
  3 worms
  4 dart slugs
  15 orcs
  7 ball pythons
  7 endoplasms
  8 giant cockroaches
  9 hobgoblins
  6 jackals
  A quokka (D:3)
  3 bats
  2 frilled lizards
  11 goblins
  6 kobolds
  6 rats
131 creatures vanquished.

Notes
Turn   | Place    | Note
-------+----------+-------------------------------------------
     0 | D:1      | Dittersdorf the Gargoyle Fighter began the quest for the
                  | Orb.
     0 | D:1      | Reached XP level 1. HP: 14/14 MP: 1/1
    53 | D:1      | Reached XP level 2. HP: 7/19 MP: 2/2
   530 | D:1      | Reached XP level 3. HP: 22/23 MP: 3/3
   910 | D:2      | Found a faded altar of an unknown god.
  1112 | D:2      | Found Nyawnovvut's Jewellery Emporium.
  1490 | D:2      | Reached XP level 4. HP: 26/29 MP: 4/4
  1886 | D:3      | Noticed a phantom
  1908 | D:3      | Killed a phantom
  1909 | D:3      | Reached XP level 5. HP: 27/33 MP: 5/5
  2523 | D:4      | Noticed a phantom
  2534 | D:4      | Killed a phantom
  2535 | D:4      | Reached XP level 6. HP: 35/39 MP: 6/6
  2767 | D:4      | Found a staircase to the Ecumenical Temple.
  2775 | Temple   | Entered the Ecumenical Temple
  2831 | Temple   | Became a worshipper of Warmaster Okawaru
  3123 | D:4      | Reached skill level 5 in Fighting
  3123 | D:4      | Reached skill level 5 in Armour
  3123 | D:4      | Reached skill level 5 in Shields
  3123 | D:4      | Reached XP level 7. HP: 9/44 MP: 7/7
  3455 | D:5      | Entered Level 5 of the Dungeon
  3505 | D:5      | Noticed Dowan
  3506 | D:5      | Noticed Duvessa
  3507 | D:5      | Reached * piety under Okawaru
  3521 | D:5      | Killed Duvessa
  3531 | D:5      | Killed Dowan
  3615 | D:5      | Noticed a troll
  3627 | D:5      | HP: 1/45 [troll (2)]
  3647 | D:5      | Killed a troll
  3647 | D:5      | Reached ** piety under Okawaru
  3648 | D:5      | Reached XP level 8. HP: 28/51 MP: 8/8
  3762 | D:4      | Reached skill level 5 in Maces & Flails
  3807 | D:5      | Noticed Edmund
  3810 | D:5      | Noticed Menkaure
  3820 | D:5      | Killed Edmund
  3824 | D:5      | Killed Menkaure
  3892 | D:5      | Reached *** piety under Okawaru
  3893 | D:5      | Reached XP level 9. HP: 54/56 MP: 9/9
  4844 | D:6      | Found a burning altar of Makhleb.
  6144 | D:7      | Reached **** piety under Okawaru
  6259 | D:7      | Noticed a two-headed ogre
  6268 | D:7      | Slain by a two-headed ogre

Illustrated notes

Levels and vault maps discovered:
D:1:      dpeg_arrival_prison, layout_basic
D:2:      layout_basic, chequers_ecumenical_altar_grove, serial_shops,
          nicolae_shop_temple_entry_statues_fountains, grunt_decor_arrowhead,
          minmay_quadrilaterals
D:3:      layout_loops_ring
D:4:      nicolae_cairo_tiling_large, layout_basic,
          minmay_temple_entry_sparse_star, kennysheep_generic_room_16
D:5:      layout_cave_pods, serial_column_ruins, column_ruins_hut,
          column_ruins_corridor_straight, column_ruins_open_tiny,
          column_ruins_open_small, column_ruins_corridor_corner,
          column_ruins_open_tiny, column_ruins_open_small, column_ruins_grid_3,
          minmay_misc_feat_tower, uniq_edmund, uniq_menkaure, uniq_duvessa
D:6:      layout_gridville, kennysheep_mini
D:7:      layout_layer_cave, minmay_manual_mess
Temple:   compressed_dpeg_circular_temple

Skill      XL: |  1  2  3  4  5  6  7  8  9 |
---------------+----------------------------+-----
Shields        | 4 5 6 8 |  8.1
Fighting       | 4 5 6 8 |  8.1
Maces & Flails | 3 4 5 7 |  7.0
Armour         | 4 5 6 8 |  8.1

Action                   |  1- 3 |  4- 6 |  7- 9 || total
-------------------------+-------+-------+-------++-------
Melee: Flail             |   144 |   136 |   202 ||   482
Throw: Dart              |       |       |     4 ||     4
Invok: Heroism           |       |       |     1 ||     1
  Use: Scroll            |       |     3 |     2 ||     5
       Potion            |       |       |     1 ||     1
Armor: Scale mail        |    86 |       |       ||    86
       Chain mail        |       |    69 |   146 ||   215
Dodge: Dodged            |    78 |    39 |    55 ||   172
Block: Buckler           |    34 |    35 |    29 ||    98
       Tower shield      |       |       |   107 ||   107

Table legend: (Time is in decaauts)
 A = Elapsed time spent in this place.
 B = Non-inter-level travel time spent in this place.
 C = Inter-level travel time spent in this place.
 D = Time resting spent in this place.
 E = Time spent auto-exploring this place.
 F = Levels seen in this place.
 G = Mean time per level.
                   A        B        C        D        E       F      G
               +--------+--------+--------+--------+--------+-----+--------+
         Total |   6454 |   6112 |    342 |    239 |   4525 |   8 |  806.8 |
       Dungeon |   6363 |   6021 |    342 |    239 |   4497 |   7 |  909.0 |
        Temple |     90 |     90 |      0 |      0 |     28 |   1 |   90.0 |
               +--------+--------+--------+--------+--------+-----+--------+

Top non-repeatable levels by time:
     D:5: 1117 daAuts
     D:2: 1084 daAuts
     D:4: 957 daAuts
     D:7: 906 daAuts
     D:6: 845 daAuts
     D:1: 736 daAuts
     D:3: 715 daAuts
  Temple: 90 daAuts
